 Dungeon Crawl Stone Soup version 0.31-a0-692-gf03d1854d5 (webtiles) character file.

Game seed: 13456313964294993928

323 qw the Shooter (level 6, -10/38 HPs)
             Began as a Gargoyle Hunter on Sept 6, 2023.
             Killed by divine providence
             ... invoked by an orc priest
              (13 damage)
             ... on level 3 of the Dungeon.
             The game lasted 00:01:08 (2798 turns).

qw the Shooter (Gargoyle Hunter)                    Turns: 2798, Time: 00:01:09

Health: -10/38     AC:  7    Str: 15    XL:     6   Next: 47%
Magic:  6/6        EV: 11    Int:  9    God:
Gold:   225        SH:  0    Dex: 15    Spells: 5/5 levels left

rFire   . . .        Y - +0 shortbow (drain)
rCold   . . .        (shield currently unavailable)
rNeg    + . .        c - +0 leather armour
rPois   inf          (no helmet)
rElec   +            (no cloak)
rCorr   .            (no gloves)
SInv    .            (no boots)
Will    .....        (no amulet)
Stlth   ++           (no ring)
HPRegen 0.26/turn    (no ring)
MPRegen 0.10/turn

%: no passive effects
@: no status effects
A: sickness immunity, AC +4, negative energy resistance 1, electricity
resistance, torment resistance 1, petrification resistance
a: no special abilities


You were on level 3 of the Dungeon.
You visited 1 branch of the dungeon, and saw 3 of its levels.

You collected 225 gold pieces.


Innate Abilities, Weirdness & Mutations

You are immune to sickness and miasma.
Your stone body is resilient. (AC +4)
You are immune to poison.
You resist negative energy. (rN+)
You are resistant to electric shocks. (rElec)
You are resistant to unholy torment.
You are immune to petrification.


   Skills:
 - Level 4.0 Fighting
 + Level 6.8 Ranged Weapons
 - Level 1.5 Dodging
 - Level 1.1 Stealth


You had 5 spell levels left.
You didn't know any spells.
Your spell library was empty.

Inventory:

Hand Weapons
 Y - a +0 shortbow of draining (weapon)
Armour
 c - a +0 leather armour (worn)
Scrolls
 b - a scroll of fear {unknown}
 d - 2 scrolls of poison {unknown}
 g - 2 scrolls of teleportation
 h - 5 scrolls of identify
Potions
 a - a potion of resistance {unknown}
 e - a potion of enlightenment
 f - a potion of invisibility {unknown}
 i - a potion of might {unknown}

Dungeon Overview and Level Annotations

Branches:
Dungeon (3/15)

Altars:


Message History

The gnoll barely misses you.
A gnoll bouda comes into view. It is wielding a +0 whip.
The kobold brigand barely misses you.
2795 |||
Found retreat position at -3,2 (floor) with 0 blocking monsters and 4 monsters attacking at destination at distance 3
2795 ||| Stepping ~*~*~tactically~*~*~ (retreating).
The gnoll attacks as it pursues you!
The gnoll hits you but does no damage. x2
Enter note:
Enter note:
Enter note:
Enter note:
Enter note:
2796 ||| Stepping ~*~*~tactically~*~*~ (outnumbered).
An orc and a gnoll come into view.
The orc is wielding a +0 club and carrying a wand of paralysis.
The orc shouts!
You hear a bark!
The gnoll attacks as it pursues you! The gnoll closely misses you.
You hear a shout!
You hear a bark!
Enter note:
Enter note:
Enter note:
Enter note:
Enter note: You shoot an arrow.
The arrow hits the kobold brigand.
You drain the kobold brigand.
The kobold brigand is moderately wounded.
You hear a bark! x2
The gnoll bouda barks out a call to the hunt!
The gnolls pick up the pace!
The gnoll hits you but does no damage. The gnoll hits you with a +0 club.
The kobold brigand barely misses you. The gnoll closely misses you. x2
You shoot an arrow.
The arrow completely misses the kobold brigand.
The gnoll hits you with a +0 spear. The gnoll hits you with a +0 club.
The kobold brigand hits you but does no damage.
The gnoll hits you from afar with a +0 spear.
The gnoll misses you. The gnoll hits you with a +0 spear.
The gnoll barely misses you.
The orc priest calls down the wrath of Beogh upon you.
Beogh smites you!
You die...

~~~~~~~~~~~~~~~~~~~....~~~~~~~~~~
~~#####~~~~~~~~~~~~....~~~~~~~~~~
~~#ggg#..........................
~~#...#############''''##########
~~###'# #....# ~~~.#.g #....#
~~~.# #....# ~~~.#
'#########...)# ~~~.#
....ggg@K#....#.. ~~~.#
....g#8gggg.g.'....o. ~~~.# '##
#8..o....'.....g ~~~.#
#......#8..8#...... ~~~.#
################### ~~###+#
~~#...###########################
~~#go.#..........................
~~#####~~~~~~~~~~~~~~~~~%~~~~~~~%


You could see a kobold brigand (drained), a gnoll bouda, an orc priest and 8
gnolls.

Vanquished Creatures
  A howler monkey (D:3)
  2 hounds (D:3)
  Natasha (thrice) (D:2)
  5 gnolls (D:3)
  3 adders
  A worm (D:3)
  An orc (D:3)
  10 endoplasms
  A giant cockroach (D:1)
  3 goblins
  8 hobgoblins
  10 jackals (D:3)
  2 kobolds
  4 quokkas (D:1)
  5 ball pythons
  5 frilled lizards
  20 rats
84 creatures vanquished.

Notes
Turn   | Place    | Note
-------+----------+-------------------------------------------
     0 | D:1      | qw the Gargoyle Hunter began the quest for the Orb.
     0 | D:1      | Reached XP level 1. HP: 12/12 MP: 1/1
     0 | D:1      | 0 ||| qw: Version: 0.3-a-76-g4403597
     0 | D:1      | 0 ||| qw: Game counter: 240
     0 | D:1      | 0 ||| qw: Melee chars always use a shield: true
     0 | D:1      | 0 ||| qw: God list: Okawaru
     0 | D:1      | 0 ||| qw: Allow faded altars: false
     0 | D:1      | 0 ||| qw: Do Orc after clearing Dungeon:15 true
     0 | D:1      | 0 ||| qw: Do second Lair branch before Depths: true
     0 | D:1      | 0 ||| qw: Lair rune preference: random
     0 | D:1      | 0 ||| qw: Goals: Normal
     0 | D:1      | 0 ||| PLANNING D:1-11
   243 | D:1      | Reached XP level 2. HP: 17/17 MP: 2/2
   291 | D:1      | HP: 4/17 [quokka (3)]
   681 | D:1      | Reached XP level 3. HP: 18/21 MP: 3/3
   759 | D:1      | Reached skill level 5 in Ranged Weapons
   949 | D:1      | 949 ||| READING scroll labelled UBASHEPTAX.
   950 | D:1      | 950 ||| READING 2 scrolls labelled GAALINOUWU.
   954 | D:1      | 954 ||| READING 3 scrolls labelled QITHRI KUFA.
   955 | D:1      | 955 ||| DRINKING 2 ruby potions.
   956 | D:1      | 956 ||| READING 2 scrolls of identify.
   956 | D:1      | 956 ||| IDENTIFYING red potion
   957 | D:1      | 957 ||| DROPPING scroll of butterflies.
   958 | D:1      | 958 ||| DROPPING potion of degeneration.
  1172 | D:2      | Noticed Natasha
  1183 | D:2      | Killed Natasha
  1184 | D:2      | Reached skill level 3 in Fighting
  1184 | D:2      | Reached XP level 4. HP: 24/28 MP: 4/4
  1289 | D:2      | Noticed Natasha
  1301 | D:2      | Killed Natasha
  1475 | D:2      | Noticed Natasha
  1481 | D:2      | Killed Natasha
  1482 | D:2      | Reached XP level 5. HP: 31/32 MP: 5/5
  1923 | D:2      | 1923 ||| READING scroll labelled PIVIER ILUNA.
  1924 | D:2      | 1924 ||| READING 2 scrolls labelled BAYTEFR FOEPH.
  1925 | D:2      | 1925 ||| READING scroll labelled TIOMACR MICU.
  1926 | D:2      | 1926 ||| DROPPING scroll of revelation.
  2016 | D:3      | Reached skill level 6 in Ranged Weapons
  2025 | D:3      | 2025 ||| FLEEEEING.
  2027 | D:3      | 2027 ||| FLEEEEING.
  2028 | D:3      | 2028 ||| FLEEEEING.
  2029 | D:3      | 2029 ||| FLEEEEING.
  2030 | D:3      | 2030 ||| FLEEEEING.
  2031 | D:3      | 2031 ||| FLEEEEING.
  2032 | D:3      | 2032 ||| FLEEEEING.
  2033 | D:3      | 2033 ||| FLEEEEING.
  2053 | D:3      | 2053 ||| FLEEEEING.
  2054 | D:3      | 2054 ||| FLEEEEING.
  2055 | D:3      | 2055 ||| FLEEEEING.
  2056 | D:3      | 2056 ||| FLEEEEING.
  2057 | D:3      | 2057 ||| STAIRDANCE
  2615 | D:3      | Reached XP level 6. HP: 30/38 MP: 6/6
  2789 | D:3      | 2789 ||| Stepping ~*~*~tactically~*~*~ (retreating).
  2790 | D:3      | 2790 ||| Stepping ~*~*~tactically~*~*~ (retreating).
  2791 | D:3      | 2791 ||| Stepping ~*~*~tactically~*~*~ (retreating).
  2792 | D:3      | 2792 ||| Stepping ~*~*~tactically~*~*~ (retreating).
  2795 | D:3      | 2795 ||| Stepping ~*~*~tactically~*~*~ (retreating).
  2796 | D:3      | 2796 ||| Stepping ~*~*~tactically~*~*~ (outnumbered).
  2798 | D:3      | HP: 9/38 [gnoll/+0 club (1)]
  2798 | D:3      | HP: 3/38 [gnoll/+0 spear (3)]
  2798 | D:3      | Killed from afar by an orc priest

Levels and vault maps discovered:
D:1:      psy_arrival_dodecagon, layout_basic, minmay_rat_gold_closets
D:2:      layout_basic, uniq_natasha
D:3:      lemuel_castle_with_subvaults [lemuel_castle_interior_carwin_2],
          layout_loops_corners, hex_medium

Skill      XL: |  1  2  3  4  5 |
---------------+----------------+-----
Ranged Weapons | 5 6 |  6.8
Fighting       | 3 4 |  4.0
Dodging        | |  1.5
Stealth        | |  1.1

Action                     |  1- 3 |  4- 6 || total
---------------------------+-------+-------++-------
   Fire: Shortbow          |   115 |   150 ||   265
    Use: Scroll            |     4 |     3 ||     7
         Potion            |     1 |       ||     1
 Armour: Leather armour    |    31 |    66 ||    97
  Dodge: Dodged            |    32 |    60 ||    92

Table legend:
 A = Non-vault XP
 B = Vault XP
 C = Vault XP percentage of total XP
 D = Non-vault monster count
 E = Vault monster count
 F = Vault count percentage of total count
                 A         B        C        D         E       F
            +---------+---------+-------+---------+---------+-------
      Total |     237 |     225 |  48.7 |      59 |      25 |  29.8
            +---------+---------+-------+---------+---------+-------
        D:1 |      35 |       8 |  18.6 |      20 |       8 |  28.6
        D:2 |     109 |      35 |  24.3 |      19 |       1 |   5.0
        D:3 |      93 |     182 |  66.2 |      20 |      16 |  44.4
            +---------+---------+-------+---------+---------+-------
